 Dungeon Crawl Stone Soup version 0.21.1-1-g345015f (webtiles) character file.

1030 Tegun the Skirmisher (level 8, 0/84 HPs)
             Began as an Ogre Ice Elementalist on May 6, 2018.
             Slain by an orc warrior
             ... wielding a +0 broad axe
              (19 damage)
             ... on level 6 of the Dungeon.
             The game lasted 00:09:45 (6529 turns).

Tegun the Skirmisher (Ogre Ice Elementalist)        Turns: 6529, Time: 00:09:46

Health: 0/84       AC:  3    Str: 15    XL:     8   Next: 23%
Magic:  14/14      EV: 10    Int: 16    God:
Gold:   259        SH:  0    Dex: 13    Spells: 11/15 levels left

rFire    x . .     SeeInvis .   y - +4 falchion "Sagitek" {slice, Dex+4}
rCold    + . .     Gourm    .   (no shield)
rNeg     . . .     Faith    .   k - +0 robe (curse)
rPois    .         Spirit   .   (helmet restricted)
rElec    .         Reflect  .   (no cloak)
rCorr    .         Harm     .   (gloves unavailable)
MR       .....                  (boots unavailable)
Stlth    ++........             (no amulet)
HPRegen  0.24/turn              o - ring of ice
MPRegen  0.14/turn              (no ring)

@: no status effects
A: large, unfitting armour, tough skin 1
a: no special abilities


You were on level 6 of the Dungeon.
You were not hungry.

You visited 1 branch of the dungeon, and saw 6 of its levels.

You collected 259 gold pieces.

Inventory:

Hand Weapons
 t - a +0 war axe
 y - the +4 falchion "Sagitek" (weapon) {slice, Dex+4}
   (You found it on level 5 of the Dungeon)

   It inflicts extra damage upon your enemies.
   It affects your dexterity (+4).
Armour
 a - a +0 robe
 k - a cursed +0 robe (worn)
Jewellery
 o - a ring of ice (left hand)
Scrolls
 d - 2 scrolls of noise {unknown}
 e - 2 scrolls of fog {unknown}
 g - 7 scrolls of identify
 h - 2 scrolls of remove curse {unknown}
 i - a scroll of enchant armour {unknown}
 l - 3 scrolls of magic mapping {unknown}
 m - a scroll of blinking {unknown}
 n - 7 scrolls of teleportation {unknown}
 p - a scroll of enchant weapon {unknown}
 u - a scroll of random uselessness {unknown}
 v - a scroll of amnesia {unknown}
Potions
 f - a potion of magic {unknown}
 j - a potion of cancellation {unknown}
 q - a potion of flight {unknown}
 r - 2 potions of heal wounds {unknown}
 s - a potion of resistance {unknown}
 w - a potion of degeneration {unknown}
 x - 2 potions of lignification {unknown}
 z - a potion of might {unknown}
Books
 b - a book of Frost

   Spells                             Type                      Level
   a - Freeze                         Ice                          1
   b - Throw Frost                    Conjuration/Ice              2
   c - Ozocubu's Armour               Charms/Ice                   3
   d - Throw Icicle                   Conjuration/Ice              4
   e - Summon Ice Beast               Ice/Summoning                4
Comestibles
 c - 6 rations


   Skills:
 - Level 6.3 Fighting
 * Level 2.9 Long Blades
 - Level 4.8 Axes
 - Level 1.7 Dodging
 - Level 1.4 Stealth
 - Level 4.1 Spellcasting
   Level 0.8 Conjurations
 - Level 3.0 Charms
 - Level 3.0 Ice Magic


You had 11 spell levels left.
You knew the following spells:

 Your Spells              Type           Power        Failure   Level  Hunger
a - Freeze                Ice            ###.         4%          1    None
b - Ozocubu's Armour      Chrm/Ice       ###.....     14%         3    ###....


Dungeon Overview and Level Annotations

Branches:
Dungeon (6/15)
 Temple: D:4-7

Altars:
Elyvilon

Shops:
D:5 (


Innate Abilities, Weirdness & Mutations

You are too large for most types of armour.
You have tough skin. (AC +1)


Message History

The orc shouts!
You hit the orc.
The orc is heavily wounded.
The orc misses you.
You riposte.
You slash the orc!
You kill the orc!
The orc warrior hits you with a broad axe!
You closely miss the orc. The orc hits you.
The orc warrior hits you with a broad axe!!
The orc closely misses you.
You hit the orc.
You kill the orc!
The orc warrior barely misses you.
You slash the orc warrior!
The orc warrior is heavily wounded.
The orc warrior hits you with a broad axe!!
* * * LOW HITPOINT WARNING * * *
You barely miss the orc warrior.
The orc warrior is heavily wounded.
The orc warrior hits you with a broad axe!!
You die...

#...#..#
......#
#.....##
#......
......
#...# #o)#
#@## ##..##
##....#
#..##..#
##.## #..#
##..# ##..
###..## #..
###
##....## #.
).#
##......###
.#


You could see an orc warrior.

Vanquished Creatures
  Sigmund (D:3)
  The ghost of fly the Chiller, an amateur HaIE (D:4)
  An orc warrior (D:6)
  The ghost of quickben the Ducker, a weakling GnMo (D:3)
  2 bullfrog zombies (D:5)
  A gnoll shaman (D:4)
  3 orc priests
  4 orc wizards
  Natasha (twice) (D:2)
  2 worker ants
  A hound skeleton (D:5)
  10 gnolls
  A river rat (D:5)
  4 adders (D:2)
  An ooze (D:2)
  An adder zombie (D:5)
  2 worms
  4 leopard geckos
  6 orcs
  3 ball pythons
  2 bats
  4 giant cockroaches
  5 goblins
  2 hobgoblins (D:2)
  7 jackals
  5 frilled lizards
  4 kobolds
  A leopard gecko skeleton (D:4)
  8 rats
89 creatures vanquished.

Notes
Turn   | Place    | Note
-------+----------+-------------------------------------------
     0 | D:1      | Tegun the Ogre Ice Elementalist began the quest for the Orb.
     0 | D:1      | Reached XP level 1. HP: 16/16 MP: 3/3
   363 | D:1      | Reached skill level 1 in Fighting
   363 | D:1      | Reached XP level 2. HP: 26/27 MP: 3/5
   718 | D:2      | Reached XP level 3. HP: 28/35 MP: 3/7
   754 | D:2      | Reached skill level 2 in Fighting
  1288 | D:2      | Reached skill level 3 in Fighting
  1288 | D:2      | Reached XP level 4. HP: 33/45 MP: 0/9
  1366 | D:2      | Learned a level 3 spell: Ozocubu's Armour
  1752 | D:2      | Noticed Natasha
  1758 | D:2      | Killed Natasha
  2052 | D:2      | Noticed Natasha
  2061 | D:2      | Killed Natasha
  2061 | D:2      | Reached skill level 1 in Charms
  2061 | D:2      | Reached XP level 5. HP: 24/53 MP: 4/11
  2391 | D:3      | Noticed quickben's ghost (weakling GnMo)
  2394 | D:3      | Noticed Sigmund
  2401 | D:3      | Killed quickben's ghost
  2401 | D:3      | Reached skill level 4 in Fighting
  2423 | D:3      | Killed Sigmund
  2423 | D:3      | Reached skill level 5 in Fighting
  2423 | D:3      | Reached XP level 6. HP: 10/66 MP: 0/12
  2919 | D:3      | Found a white marble altar of Elyvilon.
  3439 | D:4      | Reached skill level 1 in Axes
  3446 | D:4      | Reached XP level 7. HP: 16/74 MP: 5/13
  4043 | D:4      | Reached skill level 6 in Fighting
  4340 | D:4      | Noticed fly's ghost (amateur HaIE)
  4353 | D:4      | Killed fly's ghost
  4718 | D:5      | Entered Level 5 of the Dungeon
  5269 | D:5      | Got a crystal falchion
  5270 | D:5      | Identified the +4 falchion "Sagitek" {slice, Dex+4} (You found it on level 5 of the Dungeon)
  5357 | D:5      | Found Tuibanogh's Antique Weapon Emporium.
  5394 | D:5      | Found a glowing drain.
  5408 | D:5      | Reached XP level 8. HP: 78/84 MP: 14/14
  5417 | D:5      | Reached skill level 1 in Long Blades
  6529 | D:6      | Slain by an orc warrior

Skill      XL: |  1  2  3  4  5  6  7  8 |
---------------+-------------------------+-----
Fighting       | 1 3 5 6 |  6.3
Ice Magic      | 3 |  3.0
Spellcasting   | 3 4 |  4.1
Charms         | 1 2 3 |  3.0
Axes           | 1 4 |  4.8
Long Blades    | 2 |  2.9
Dodging        | |  1.7
Stealth        | |  1.4
Conjurations   | |  0.8

Action                   |  1- 3 |  4- 6 |  7- 9 || total
-------------------------+-------+-------+-------++-------
Melee: Unarmed           |    38 |     5 |       ||    43
       War axe           |       |    14 |    74 ||    88
       Falchion          |       |       |    44 ||    44
 Cast: Freeze            |    50 |    53 |    23 ||   126
       Ozocubu's Armour  |       |     1 |     8 ||     9
  Use: Scroll            |       |     1 |       ||     1
 Stab: Sleeping          |     1 |       |     1 ||     2
       Distracted        |       |       |     1 ||     1
  Eat: Chunk             |     1 |     4 |     3 ||     8
       Ration            |       |     1 |     2 ||     3
Armor: Robe              |    15 |    30 |    56 ||   101
Dodge: Dodged            |    38 |    50 |    94 ||   182
       Rpst.: Falchion   |       |       |    10 ||    10
